cohdb
Replays
Latest Replays
All Replays
Popular Replays
Top Player Replays
Match Explorer
How It Works
Community
CoH3 Stats
Reddit
Sign in to upload your games and track your stats! →
Sign in with Steam
Match 45114236
Unlisted
Match 45114236
Overview
Messages
Build Orders
End
Pioneer Squad
Construct Infanterie Kompanie
Selects Mechanized Battlegroup
Grenadier Squad
Grenadier Squad
Grenadier Squad
Infanterie Officer Quarters
Grenadier Squad
Medical Bunker
Selects Raid Package
Construct Panzergrenadier Kompanie
Herr Blautier
TBoR
EPHX_Valkyrion
JollyRedRockett
janemba914
amfriendly
0
0
Comments
sign in to comment!
No comments posted yet!